 Dungeon Crawl Stone Soup version 0.22-a0-609-gfedc9ff (webtiles) character file.

15583 Amnesiac the Nimble (level 12, -4/86 HPs)
             Began as a Vampire Earth Elementalist on July 10, 2018.
             Was a Priest of Dithmenos.
             Succumbed to a redback's poison
             ... on level 2 of the Spider Nest.
             The game lasted 00:26:00 (6972 turns).

Amnesiac the Nimble (Vampire Earth Elementalist)    Turns: 6972, Time: 00:26:01

Health: -4/86      AC:  0    Str: 10    XL:     12   Next: 2%
Magic:  19/19      EV: 20    Int: 22    God:    Dithmenos [***...]
Gold:   106        SH:  0    Dex: 15    Spells: 4/21 levels left

rFire    . . .     SeeInvis +   a - +3 dagger (speed)
rCold    + + .     Gourm    .   (no shield)
rNeg     + + .     Faith    .   o - +2 robe {Archmagi}
rPois    +         Spirit   .   h - +2 hat
rElec    .         Reflect  .   v - +0 cloak
rCorr    .         Harm     .   E - +0 pair of gloves {Str+3}
MR       +....                  L - +0 pair of boots
Stlth    ++++......             c - amulet of regeneration
HPRegen  0.32/turn              z - ring of protection from cold
MPRegen  0.16/turn              k - +3 ring of protection

@: confused, lethally poisoned (-4 -> -121), corroded, regenerating slowly,
wreathed by umbra
A: fangs 3, see invisible, unbreathing
a: Bat Form, Shadow Step, Renounce Religion


You were on level 2 of the Spider Nest.
You worshipped Dithmenos.
Dithmenos was most pleased with you.
You were very thirsty.

You visited 4 branches of the dungeon, and saw 15 of its levels.

You collected 492 gold pieces.
You spent 386 gold pieces at shops.

Inventory:

Hand Weapons
 a - a +3 dagger of speed (weapon)
Missiles
 K - 141 stones (quivered)
Armour
 h - a +2 hat (worn)
 o - a +2 robe of the Archmagi (worn)
 v - a +0 cloak (worn)
 E - a +0 pair of gloves of strength (worn)
 L - a +0 pair of boots (worn)
Magical Staves
 b - an uncursed staff of earth
Jewellery
 c - an amulet of regeneration (around neck)
 g - an uncursed ring of resist corrosion
 k - a +3 ring of protection (right hand)
 l - an uncursed ring of protection from fire
 q - an uncursed ring of wizardry
 z - a ring of protection from cold (left hand)
 C - an uncursed ring of stealth
 G - a +2 ring of protection
Wands
 j - a wand of scattershot (3)
 J - a wand of paralysis (13)
Scrolls
 e - a scroll of teleportation {!r}
 i - 2 scrolls of amnesia {!r, unknown}
 n - 2 scrolls of blinking {!r}
 p - a scroll of random uselessness {!r, unknown}
 t - a scroll of enchant weapon {!r}
 x - 10 scrolls of remove curse {!r}
 y - a scroll of noise {!r, unknown}
 B - a scroll of summoning {!r}
 F - 2 scrolls of fog {!r, unknown}
 H - a scroll of immolation {!r, unknown}
 I - a scroll of magic mapping {!r, unknown}
 M - a scroll of enchant armour {!r, unknown}
 O - a scroll of identify {!r}
Potions
 d - 28 potions of blood {!q}
 f - a potion of experience {!q, unknown}
 m - a potion of invisibility {!q, unknown}
 r - a potion of ambrosia {!q}
 s - 2 potions of lignification {!q}
 u - a potion of brilliance {!q, unknown}
 w - a potion of agility {!q}
 A - a potion of haste {!q}
 N - a potion of degeneration {!q, unknown}
 P - a potion of might {!q, unknown}
Miscellaneous
 Q - a box of beasts


   Skills:
 + Level 5.3 Fighting
 - Level 10.0 Short Blades
 + Level 10.9 Dodging
 * Level 10.0 Stealth
 - Level 5.0 Spellcasting
 - Level 5.0 Transmutations
 - Level 10.0 Earth Magic


You had 4 spell levels left.
You knew the following spells:

 Your Spells              Type           Power        Failure   Level  Hunger
a - Sandblast             Erth           ######       1%          1    None
b - Passwall              Tmut/Erth      ######..     1%          2    None
c - Summon Butterflies    Summ           #.......     10%         1    None
d - Lee's Rapid Deconstr  Erth           ######....   4%          5    #####..
e - Petrify               Tmut/Erth      ######..     4%          4    ####...
r - Regeneration          Chrm/Necr      #.........   30%         3    ##.....
z - Confusing Touch       Hex            #.....       10%         1    None

Your spell library contained the following spells:

 Spells                   Type           Power        Failure   Level  Hunger
 Apportation              Tloc           #.....       10%         1    None
 Invisibility             Hex            #.......     100%        6    #######
 Summon Small Mammal      Summ           #...         10%         1    None
 Animate Dead             Necr           N/A          69%         4    ####...
 Pain                     Necr           #...         10%         1    None
 Animate Skeleton         Necr           N/A          10%         1    None
 Vampiric Draining        Necr           #.........   30%         3    ##.....
 Summon Ice Beast         Ice/Summ       #.......     69%         4    ####...
 Call Imp                 Summ           #.......     16%         2    None
 Tukima's Dance           Hex            #.......     30%         3    ##.....
 Stone Arrow              Conj/Erth      #####.       3%          3    ##.....
 Call Canine Familiar     Summ           #.......     30%         3    ##.....
 Alistair's Intoxication  Tmut/Pois      ###.....     69%         5    #####..
 Summon Lightning Spire   Summ/Air       #.......     69%         4    ####...
 Summon Guardian Golem    Hex/Summ       #.......     30%         3    ##.....
 Lesser Beckoning         Tloc           #.........   30%         3    ##.....


Dungeon Overview and Level Annotations

Branches:
Dungeon (9/15)             Temple (1/1) D:7            Lair (3/6) D:9
 Spider (2/4) Lair:2
  Swamp: Lair:2-4    Shoals: Lair:2-4       Orc: D:9-12

Altars:
Dithmenos
Elyvilon
Fedhas
Hepliaklqana
Makhleb
Nemelex Xobeh
Uskayaw
Yredelemnul
Zin
The Shining One

Shops:
D:6 *   D:9 *

Annotations:
Lair:3 Fannar, Snorg


Innate Abilities, Weirdness & Mutations

You heal slowly.
You have razor-sharp teeth.
You have supernaturally acute eyesight. (SInv)
You can survive without breathing.


Message History

The entropy weaver casts a spell.
The entropic weave corrodes you!
The entropy weaver casts a spell.
The entropic weave corrodes you!
A jumping spider comes into view.
There is a stone staircase leading down here.
You fly downwards.
A jumping spider and a redback come into view.
Found a scroll of identify and a viscous coppery potion.
There is a stone staircase leading up here. 2 tarantellas and a moth of wrath come into view.
A hornet, a wolf spider and a redback come into view.
Found a potion of agility.
A torpor snail comes into view.
Being near the torpor snail leaves you feeling lethargic.
You feel yourself speed up.
Your transformation has ended.
Your hands tingle!
You feel stronger.
You feel powerful. The redback bites you!
* * * LOW HITPOINT WARNING * * *
You are poisoned.
The redback poisons you!
Casting: Petrify (safe; 4% risk of failure)
Confirm with . or Enter, or press ? or * to list all spells.
Aiming: Sandblast (safe; 1% risk of failure)
Press: ? - help, Shift-Dir - straight line, f - redback
Aim: a redback (umbra)
You feel a surge of power!
The blast of sand misses the redback.
K - 142 stones You feel very sick.
The redback bites you!
* * * LOW HITPOINT WARNING * * *
You are lethally poisoned!
The redback poisons you!
Unknown command.
Unknown command.
Casting: Sandblast (safe; 1% risk of failure)
Confirm with . or Enter, or press ? or * to list all spells.
Aiming: Sandblast (safe; 1% risk of failure)
Press: ? - help, Shift-Dir - straight line, f/p - redback
Aim: a redback (umbra)
You feel a surge of power!
The blast of sand hits the redback.
The redback is lightly wounded.
K - 141 stones The redback bites you!!
* * * LOW HITPOINT WARNING * * *
You are more poisoned.
The redback poisons you! The redback closely misses you.
You hear an angry hiss.
Unknown command.
Unknown command.
Really quaff
s - 3 fizzy red potions {!q}?
It was a potion of lignification {!q}.
You feel woody for a moment.
* * * LOW HITPOINT WARNING * * *
You feel extremely sick. The redback closely misses you.
Okay, then.
Okay, then.
Really quaff
r - 2 lumpy purple potions {!q}?
It was a potion of ambrosia {!q}.
You are confused.
You feel invigorated.
You die...

.....#... ###....
.##.#.....##.....s#
....#?.....<..#.s
...................
...#.......s#.#..#.
#........##^....!.
.........#...#.....
w.......s.^........
#.#.#...@..#.....^.
##. #.s#.........#.
##...........#..
##......#.....
##.#...#....##
#.......####
##....^.# ##....#


You could see a wolf spider and a redback.

Vanquished Creatures
  An emperor scorpion (Lair:2)
  3 two-headed ogres
  An unseen horror (D:8)
  2 wolf spiders (Spider:1)
  A torpor snail (Spider:1)
  A spiny frog (Lair:3)
  2 komodo dragons
  A rime drake (Lair:1)
  A demonic crawler (Spider:1)
  A troll (D:9)
  2 jumping spiders
  2 hornets (D:9)
  3 hippogriffs
  A blink frog (Lair:3)
  5 yaks (Lair:3)
  7 redbacks
  A basilisk (Lair:2)
  6 wyverns
  2 soldier ants (D:9)
  An acid dragon (D:9)
  6 water moccasins
  A porcupine (Lair:2)
  3 black bears
  3 orc warriors
  A phantom (D:4)
  A necrophage (D:9)
  An ice beast (D:7)
  3 ogres
  2 centaurs
  2 crocodiles
  16 bullfrogs
  3 scorpions
  3 howler monkeys (D:8)
  2 quasits
  2 crimson imps
  2 bullfrog zombies
  3 jellies
  A centaur skeleton (D:7)
  3 bullfrog skeletons
  2 orc priests
  7 hounds
  3 iguanas
  14 orc wizards
  3 worker ants
  A killer bee zombie (D:9)
  A hound zombie (D:7)
  A howler monkey zombie (D:8)
  5 adders
  A howler monkey skeleton (D:4)
  2 shadow imps
  3 adder zombies
  2 adder skeletons
  A dart slug (D:2)
  2 leopard geckos
  26 orcs
  A bat (D:3)
  2 giant cockroaches
  2 goblins (D:3)
  A hobgoblin (D:2)
  A quokka (D:9)
  A frilled lizard (D:5)
  2 rats (D:2)
186 creatures vanquished.

Vanquished Creatures (others)
  2 fungi (Lair:3)
2 creatures vanquished.

Grand Total: 188 creatures vanquished

Notes
Turn   | Place    | Note
-------+----------+-------------------------------------------
     0 | D:1      | Amnesiac the Vampire Earth Elementalist began the quest for the Orb.
     0 | D:1      | Reached XP level 1. HP: 13/13 MP: 3/3
   173 | D:2      | Reached XP level 2. HP: 14/19 MP: 0/5
   177 | D:2      | Learned a level 2 spell: Passwall
   470 | D:2      | Reached XP level 3. HP: 15/24 MP: 0/6
   735 | D:4      | Reached XP level 4. HP: 15/30 MP: 0/7
   741 | D:4      | Learned a level 4 spell: Petrify
   760 | D:4      | Noticed a phantom
   819 | D:4      | Killed a phantom
   819 | D:4      | Reached XP level 5. HP: 27/35 MP: 0/9
   904 | D:4      | Noticed an ogre
   928 | D:5      | Entered Level 5 of the Dungeon
   994 | D:5      | Reached skill level 5 in Stealth
  1074 | D:5      | Reached skill level 5 in Earth Magic
  1074 | D:5      | Reached XP level 6. HP: 34/41 MP: 5/10
  1243 | D:5      | Reached skill level 1 in Short Blades
  1452 | D:4      | Reached XP level 7. HP: 46/46 MP: 10/12
  1520 | D:4      | Learned a level 1 spell: Confusing Touch
  1614 | D:6      | Found Efidiube's Elemental Accessories.
  1703 | D:6      | Reached skill level 5 in Short Blades
  2533 | D:7      | Reached XP level 8. HP: 52/52 MP: 4/13
  2592 | D:7      | Found a sparkling altar of Nemelex Xobeh.
  2620 | D:7      | Noticed a hippogriff
  2627 | D:7      | Killed a hippogriff
  2690 | D:7      | Noticed a hippogriff
  2704 | D:7      | Killed a hippogriff
  2829 | D:7      | Found a staircase to the Ecumenical Temple.
  2833 | Temple   | Entered the Ecumenical Temple
  2846 | Temple   | Became a worshipper of Dithmenos the Shadowed
  2918 | D:7      | Learned a level 5 spell: Lee's Rapid Deconstruction
  2985 | D:7      | Reached XP level 9. HP: 57/57 MP: 0/14
  3277 | D:7      | Reached * piety under Dithmenos
  3277 | D:7      | Reached skill level 10 in Short Blades
  3277 | D:7      | Reached skill level 10 in Stealth
  3507 | D:8      | Noticed an unseen horror
  3517 | D:8      | Killed an unseen horror
  3537 | D:8      | Found a basalt altar of Yredelemnul.
  3560 | D:8      | Noticed a two-headed ogre
  3569 | D:8      | Killed a two-headed ogre
  3592 | D:8      | Reached XP level 10. HP: 59/63 MP: 3/16
  3717 | D:9      | Got a coiled amber ring
  3835 | D:9      | Found Wuan Heniu's General Store.
  3843 | D:9      | Bought a potion of curing for 36 gold pieces
  4256 | D:8      | Found a burning altar of Makhleb.
  4258 | D:8      | Found a white marble altar of Elyvilon.
  4263 | D:8      | Found a blossoming altar of Fedhas.
  4263 | D:8      | Found a glowing silver altar of Zin.
  4302 | D:8      | Identified the ring of Foolhardiness {rPois rN+} (You found it on level 9 of the Dungeon)
  4322 | D:8      | Reached ** piety under Dithmenos
  4763 | D:9      | Reached skill level 10 in Earth Magic
  4971 | D:9      | Reached skill level 5 in Transmutations
  5160 | D:9      | Noticed a two-headed ogre
  5162 | D:9      | Reached skill level 5 in Spellcasting
  5168 | D:9      | Noticed a two-headed ogre
  5187 | D:9      | Reached skill level 1 in Fighting
  5198 | D:9      | Found a staircase to the Lair.
  5210 | D:9      | Killed a two-headed ogre
  5210 | D:9      | Reached skill level 5 in Dodging
  5210 | D:9      | Reached XP level 11. HP: 33/73 MP: 2/18
  5230 | D:9      | Killed a two-headed ogre
  5281 | Lair:1   | Entered Level 1 of the Lair of Beasts
  5471 | D:6      | Bought an uncursed staff of earth for 350 gold pieces
  5783 | Lair:2   | Reached *** piety under Dithmenos
  5983 | Lair:3   | Noticed Fannar
  6024 | Lair:3   | Noticed Snorg
  6126 | Lair:3   | Learned a level 1 spell: Summon Butterflies
  6130 | Lair:3   | Learned a level 3 spell: Regeneration
  6409 | Lair:2   | Found a hole to the Spider Nest.
  6435 | Spider:1 | Entered Level 1 of the Spider Nest
  6441 | Spider:1 | Noticed an emperor scorpion
  6487 | Lair:2   | Killed an emperor scorpion
  6487 | Lair:2   | Reached skill level 5 in Fighting
  6604 | Spider:1 | Noticed a wolf spider
  6623 | Spider:1 | Killed a wolf spider
  6623 | Spider:1 | Reached skill level 10 in Dodging
  6694 | Spider:1 | Noticed a wolf spider
  6703 | Spider:1 | Killed a wolf spider
  6707 | Spider:1 | You fall through a shaft!
  6707 | Spider:2 | Noticed a wolf spider
  6725 | Spider:1 | Noticed an entropy weaver
  6727 | Spider:1 | Noticed an entropy weaver
  6903 | Spider:1 | Reached XP level 12. HP: 60/86 MP: 12/19
  6971 | Spider:2 | HP: 2/86 [poisoned by a redback]
  6972 | Spider:2 | Succumbed to a redback's poison

Vault maps used:
D:1:      eino_arrival_water_star, serial_bayou_lagoon_a
D:2:      kennysheep_decorative_pillar, minmay_misc_feat_doors
D:3:      minmay_wonky_spiral, minmay_box_of_dots, uniq_sigmund
D:4:      first_ration, palyth_stone_intersect
D:5:      cheibrodos_fzero, minmay_misc_feat_enclosed
D:6:      tgw_xom, nicolae_elemental_shop
D:7:      marbit_many_paths, temple_hall_moat
D:8:      nicolae_overflow_hidden_temple, basic_altar
D:9:      erik_lair_dragon, serial_shops, shop, hangedman_pestilent_swarm
Temple:   nicolae_temple_elliptical
Lair:2:   spider_nest_entry_funnel_web, grunt_megastairs_2
Lair:3:   elwin_shoals_entry_rooms, pond, lemuel_fruit_fields,
          serial_bayou_shore_a, lemuel_fruit_tree, uniq_snorg, uniq_fannar
Spider:2: ebering_ghost_disaster_area

Skill      XL: |  1  2  3  4  5  6  7  8  9 10 11 |
---------------+----------------------------------+-----
Stealth        | 4 5 6 9 10 | 10.0
Earth Magic    | 4 5 7 10 | 10.0
Transmutations | 2 4 5 |  5.0
Spellcasting   | 3 4 5 |  5.0
Short Blades   | 3 6 9 10 | 10.0
Dodging        | 5 10 | 10.9
Fighting       | 2 5 |  5.3

Action                   |  1- 3 |  4- 6 |  7- 9 | 10-12 || total
-------------------------+-------+-------+-------+-------++-------
Melee: Unarmed           |     6 |     3 |       |       ||     9
       Dagger            |       |     5 |    88 |    59 ||   152
       Bite              |       |       |     7 |     1 ||     8
 Fire: Hunting sling     |    20 |     1 |       |       ||    21
Throw: Stone             |       |       |       |     1 ||     1
 Cast: Sandblast         |    23 |    42 |    19 |    80 ||   164
       Petrify           |       |     2 |    13 |    17 ||    32
       Passwall          |       |     1 |    13 |     9 ||    23
       Lee's Rapid Decon |       |       |     7 |     4 ||    11
 Abil: End Transformatio |       |       |       |     2 ||     2
       Bat Form          |       |       |       |     2 ||     2
Evoke: Wand              |       |       |       |     3 ||     3
  Use: Potion            |       |       |    13 |     6 ||    19
       Scroll            |       |       |     5 |     5 ||    10
 Stab: Sleeping          |     1 |     3 |    19 |    41 ||    64
       Petrified         |       |     3 |     9 |     8 ||    20
       Petrifying        |       |       |     3 |     1 ||     4
       Distracted        |       |       |       |     1 ||     1
Armor: Robe              |     9 |     9 |    67 |    30 ||   115
       Skin              |       |     1 |       |       ||     1
Dodge: Dodged            |    28 |    19 |   119 |   154 ||   320

Table legend:
 A = Spawn XP
 B = Non-spawn XP
 C = Spawn XP percentage of total XP
 D = Spawn monster count
 E = Non-spawn monster count
 F = Spawn count percentage of total count
 G = Total turns spent on level
                    A         B        C        D         E        F      G
               +---------+---------+-------+---------+---------+-------+---------
         Total |       0 |   22262 |   0.0 |       0 |     186 |   0.0 |  6972
               +---------+---------+-------+---------+---------+-------+---------
           D:2 |       0 |      81 |   0.0 |       0 |       7 |   0.0 |   320
           D:3 |       0 |       6 |   0.0 |       0 |       3 |   0.0 |   200
           D:4 |       0 |     539 |   0.0 |       0 |      12 |   0.0 |  1043
           D:5 |       0 |     367 |   0.0 |       0 |      21 |   0.0 |   608
           D:6 |       0 |     310 |   0.0 |       0 |      10 |   0.0 |   295
           D:7 |       0 |    2381 |   0.0 |       0 |      37 |   0.0 |  1069
           D:8 |       0 |    2805 |   0.0 |       0 |      27 |   0.0 |   895
           D:9 |       0 |    5418 |   0.0 |       0 |      29 |   0.0 |  1124
        Lair:1 |       0 |     757 |   0.0 |       0 |       3 |   0.0 |   100
        Lair:2 |       0 |    3693 |   0.0 |       0 |      10 |   0.0 |   497
        Lair:3 |       0 |    2851 |   0.0 |       0 |      18 |   0.0 |   348
      Spider:1 |       0 |    2753 |   0.0 |       0 |       8 |   0.0 |   380
      Spider:2 |       0 |     301 |   0.0 |       0 |       1 |   0.0 |    32
               +---------+---------+-------+---------+---------+-------+---------
